Unix NetHack Version 5.0.0-0 post-release - last build Jul 14 2026 02:55:29 (1809b74e8187c3a3585e283601c3028b46cbbdcb,branch:main).

Game began 2026-07-14 07:38:36, ended 2026-07-18 03:59:46.

JohnDarcy, neutral male human Tourist

                      :

                         o%: d
                       d @@d...............?.......
                      xod@@)?..........................
                    ...'.. dobE...u.?.....................
                    ....Ed....}}}}}}}}}}}}}}}}}}.=........
                    .....}}}}}}}}}}}}}}}}}}}}}}}}}}}......
                    ...}}}}}}}}}}}}}}}}}}}}}}}}}}}}}}}}...
                    ...}}}}}}}}}}}}}}}}}}}}}}}}}}}}}}}}...
                    ...}}}}}}}}}}}}}}}}}}}}}}}}}}}}}}}}...
                    .....}}}}}}}}}}}}}}}}}}}}}}}}}}}......
                    ..........}}}}}}}}}}}}}}}}}}..........
                    ......................................
                      ...............................`
                           ................n.......

JohnDarcy the Excursionist  St:13 Dx:12 Co:17 In:14 Wi:9 Ch:13  Neutral
Dlvl:11 $:775 HP:0(69) Pw:16(16) AC:-6 Xp:8 T:9376  Stressed

Latest messages:
 What do you want to drink? [uM or ?*] ?
 You feel better.
 Slasher eats a tiger corpse.
 The large dog bites the gray ooze.
 The gray ooze misses the large dog.
 The invisible Woodland-elf hits!
 The Woodland-elf hits!
 The invisible Woodland-elf just misses!
 The dwarf picks up 9 crossbow bolts.
 The water elemental turns to flee.
 The large dog bites the gray ooze.
 The large dog bites the gray ooze.
 The gray ooze is killed!
 The invisible Woodland-elf hits!
 The Woodland-elf just misses!
 The invisible Woodland-elf hits!
 Your load is too heavy to climb the stairs.
 The newt turns to flee.
 The large dog bites the invisible Woodland-elf.
 The invisible Woodland-elf misses the large dog.
 The invisible Woodland-elf misses!
 The Woodland-elf hits!
 The invisible Woodland-elf misses!
 What do you want to drop? [$acfilo-sv-zCDFGIK-SU-Y or ?*] ?
 You drop an uncursed bag called bag 1 containing 28 items.
 The large dog bites the invisible Woodland-elf.
 The invisible Woodland-elf hits the large dog.
 The Uruk-hai turns to flee.
 The invisible Woodland-elf hits!
 The Woodland-elf misses!
 The invisible Woodland-elf misses!
 The large dog misses the invisible Woodland-elf.
 The lizard turns to flee.
 The large dog drops a runed arrow.
 The large dog bites the invisible Woodland-elf.
 The invisible Woodland-elf misses!
 The Woodland-elf hits!
 The invisible Woodland-elf misses!
 The large dog bites the invisible Woodland-elf.
 Your load is too heavy to climb the stairs.
 The large dog turns to flee.
 The large dog bites the invisible Woodland-elf.
 The invisible Woodland-elf hits!
 You die...
 Do you want your possessions identified? [ynq] (y) y
 Do you want to see your attributes? [ynq] (y) y
 Do you want an account of creatures vanquished? [ynaq] (y) y
 Do you want a list of species genocided? [ynq] (y) y
 Do you want to see your conduct and achievements? [ynq] (y) y
 Do you want to see the dungeon overview? [ynq] (y) y

Inventory:
 Coins    ('$')
  $ - 775 gold pieces
 Amulets  ('"')
  z - an uncursed amulet of ESP (being worn)
 Weapons  (')')
  a - 26 +2 darts (at the ready)
  D - a +0 dart
  s - the +0 Sting (weapon in right hand, flickering light blue)
  C - a cursed -1 scimitar
 Armor    ('[')
  l - a blessed +1 dwarvish iron helm (being worn)
  S - an uncursed +1 pair of leather gloves (being worn)
  G - a blessed +0 pair of iron shoes (being worn)
  X - an uncursed +0 dwarvish roundshield (being worn)
  i - an uncursed +2 Hawaiian shirt with a parrot motif (being worn)
  L - an uncursed +0 elven mithril-coat (being worn)
 Comestibles  ('%')
  f - an uncursed banana
  Y - an uncursed carrot
 Potions  ('!')
  M - 2 blessed potions of object detection
 Wands    ('/')
  w - a wand of create monster (0:10)
  y - a cursed wand of digging (0:5)
  P - a wand of enlightenment (0:14)
  o - a cursed wand of fire (0:7)
  F - a cursed wand of fire (0:6)
  U - a wand of magic missile (0:8)
  q - a cursed wand of magic missile (0:6)
  N - a wand of make invisible (0:5)
  W - a wand of polymorph (0:6)
  R - a wand of polymorph (0:4)
  V - a wand of slow monster (0:6)
  K - a wand of slow monster (0:5)
 Tools    ('(')
  Q - a cursed bag of holding containing 17 items
  r - an uncursed brass lantern
  c - an expensive camera (0:31)
  v - an uncursed lock pick
  x - an uncursed magic whistle
  p - a +0 pick-axe
  I - a +0 unicorn horn

Contents of the bag of holding:
  5385 gold pieces
  a cursed amulet of restful sleep
  an uncursed amulet of unchanging
  4 uncursed eggs
  2 uncursed scrolls of blank paper
  4 uncursed scrolls of earth
  3 uncursed scrolls of enchant armor
  a cursed scroll of enchant armor
  a cursed scroll of punishment
  an uncursed scroll of scare monster
  2 uncursed scrolls of teleportation
  a cursed ring of cold resistance
  a cursed +2 ring of increase damage
  a wand of speed monster (0:3)
  an uncursed oil lamp
  an uncursed oil lamp
  an uncursed wax candle

JohnDarcy the Tourist's attributes:

Background:
 You were an Excursionist, a level 8 male human Tourist.
 You were neutral, on a mission for The Lady
 who was opposed by Blind Io (lawful) and Offler (chaotic).
 You were right-handed.
 You were in the Dungeons of Doom, on level 11, a very big room.
 You entered the dungeon 9376 turns ago.
 It was nighttime.
 You had 1393 experience points, 1167 more were needed to attain level 9.

Basics:
 You had 0 out of 69 hit points.
 You had all 16 energy points (spell power).
 Your armor class was -6.
 Your wallet contained 775 zorkmids, and
 you had 5385 more stashed away in your pack.
 Autopickup was off.

Final Characteristics:
 Your strength was 13 (limit:18/100).
 Your dexterity was 12 (peak:14, limit:18).
 Your constitution was 17 (limit:18).
 Your intelligence was 14 (limit:18).
 Your wisdom was 9 (limit:18).
 Your charisma was 13 (limit:18).

Final Status:
 You weren't hungry.
 You were stressed; movement was moderately slowed.
 You were wielding a dagger.
 You had basic skill with dagger.

Final Attributes:
 You were piously aligned.
 You were telepathic.
 You were aware of the presence of orcs.
 You were guarded.
 You were fast.
 You are dead.

Miscellaneous:
 You encountered 2 bones levels.
 Total elapsed playing time was 3 hours and 46 seconds.

Major events:
 Turn
    1: JohnDarcy the neutral male human Tourist entered the dungeon
 1058: attained the rank of Sightseer (level 3)
 2839: entered Sokoban
 3333: completed 1st Sokoban level
 3689: attained the rank of Excursionist (level 6)
 4549: chose a runed dagger to be named "Sting"
 5913: entered the Gnomish Mines
 7691: reached Mine Town
 7754: performed his first genocide (pyrolisks)
 9193: consulted the Oracle
 9333: entered the Bigroom
 9376: killed by an invisible Woodland-elf

You didn't know any spells.

Skills:
 Fighting Skills
   bare handed combat [Unskilled]
   two weapon combat  [Unskilled]
   riding             [Unskilled]
 Weapon Skills
   dagger             [Basic]
   knife              [Unskilled]
   axe                [Unskilled]
   pick-axe           [Unskilled]
   short sword        [Unskilled]
   broadsword         [Unskilled]
   long sword         [Unskilled]
   two-handed sword   [Unskilled]
   saber              [Unskilled]
   mace               [Unskilled]
   morning star       [Unskilled]
   flail              [Unskilled]
   hammer             [Unskilled]
   quarterstaff       [Unskilled]
   polearms           [Unskilled]
   spear              [Unskilled]
   trident            [Unskilled]
   lance              [Unskilled]
   bow                [Unskilled]
   sling              [Unskilled]
   crossbow           [Unskilled]
   dart               [Basic]
   shuriken           [Unskilled]
   boomerang          [Unskilled]
   whip               [Unskilled]
   unicorn horn       [Unskilled]
 Spellcasting Skills
   divination spells  [Unskilled]
   enchantment spells [Unskilled]
   escape spells      [Unskilled]

Voluntary challenges:
 Character rerolling was not enabled.
 You genocided 1 type of monster.
 You never polymorphed an object.
 You never changed form.
 You used no wishes.
 You did not violate any of the special Sokoban rules.
Achievements:
 You attained the rank of Sightseer.
 You entered Sokoban.
 You attained the rank of Excursionist.
 You entered the Gnomish Mines.
 You entered Minetown.
 You entered a shop.
 You entered a temple.
 You consulted the Oracle of Delphi.
 You entered the Big Room.

 The Dungeons of Doom: levels 1 to 11
    Level 1:
    Level 2:
    Level 3:
       Some fountains, many trees.
    Level 4:
       Many fountains.
       Stairs down to The Gnomish Mines.
    Level 5:
    Level 6:
       Many fountains, a grave.
    Level 7:
    Level 8:
       Many fountains.
       Oracle of Delphi.
    Level 9:
       A fountain.
       Stairs up to Sokoban, level 8.
    Level 10:
    Level 11: <- You were here.
       A grave.
       A very big room.
       Final resting place for
          you, killed by an invisible Woodland-elf,
          augmentedfourth-Val-Dwa-Fem-Law, killed by a horse,
          gbast73-Bar-Hum-Fem-Neu, killed by a gargoyle.
 The Gnomish Mines: levels 5 to 8
    Level 5:
    Level 6:
    Level 7:
    Level 8:
       Many shops, a temple and an altar, some fountains.
       Final resting place for
          Lemni-Cav-Hum-Fem-Neu, killed by an imp, while frozen by a floating eye's gaze.
 Sokoban: levels 8 up to 7
    Level 7:
       Unsolved.
    Level 8:
       Solved.


Vanquished creatures:
  a ghost
  5 small mimics
  a tiger
  2 tengu
  2 watchmen
  a chameleon
  a crocodile
  a giant beetle
  a quivering blob
  3 winter wolf cubs
  a leprechaun
  3 giant spiders
  4 horses
  2 black lights
  3 ogres
  a brown pudding
  a yeti
  a gold golem
  a werewolf
  4 Green-elves
  3 lizards
  a dingo
  a housecat
  2 dwarf leaders
  a blue jelly
  a white unicorn
  a dust vortex
  a raven
  3 snakes
  a soldier ant
  4 fire ants
  3 imps
  a quasit
  5 wood nymphs
  2 mountain nymphs
 10 Mordor orcs
  3 Uruk-hai
  2 orc shamans
  4 rock piercers
  2 rock moles
  3 ponies
  2 fog clouds
  2 yellow lights
  4 shriekers
  6 gnome leaders
  3 gnomish wizards
  a kobold mummy
  a guardian naga hatchling
  3 gray oozes
  a ghoul
  a straw golem
  2 giant ants
  6 floating eyes
  7 dwarves
  2 homunculi
  3 kobold leaders
  a kobold shaman
 14 hill orcs
  2 rothes
  a monkey
 an orc zombie
  a werejackal
  2 iguanas
 16 killer bees
  2 acid blobs
  a hobbit
  3 large kobolds
  a hobgoblin
  9 giant rats
  4 cave spiders
  3 brown molds
  4 yellow molds
  2 green molds
 23 gnomes
  a garter snake
  2 gnome zombies
  5 geckos
  2 jackals
  a fox
  4 goblins
  4 sewer rats
  7 grid bugs
  a lichen
  3 kobold zombies
 12 newts
269 creatures vanquished.

Genocided species:
 pyrolisks
1 species genocided.

Game over:
                       ----------
                      /          \
                     /    REST    \
                    /      IN      \
                   /     PEACE      \
                  /                  \
                  |    JohnDarcy     |
                  |     6160 Au      |
                  |   killed by an   |
                  |    invisible     |
                  |   Woodland-elf   |
                  |                  |
                  |       2026       |
                 *|     *  *  *      | *
        _________)/\\_//(\/(/\)/\//\/|_)_______

Aloha JohnDarcy the Tourist...

You died in The Dungeons of Doom on dungeon level 11 with 11264 points,
and 6160 pieces of gold, after 9376 moves.
You were level 8 with a maximum of 69 hit points when you died.

